 Dungeon Crawl Stone Soup version 0.22-a0-609-gfedc9ff (webtiles) character file.

60 Supahsalami the Chopper (level 3, -2/29 HPs)
             Began as a Demonspawn Berserker on July 10, 2018.
             Was a Believer of Trog.
             Slain by an orc priest
             ... wielding a +0 mace
              (4 damage)
             ... on level 2 of the Dungeon.
             The game lasted 00:03:45 (1738 turns).

Supahsalami the Chopper (Demonspawn Berserker)      Turns: 1738, Time: 00:03:46

Health: -2/29      AC:  2    Str: 18    XL:     3   Next: 82%
Magic:  3/3        EV: 14    Int:  8    God:    Trog [**....]
Gold:   61         SH:  0    Dex: 12    Spells: 2/2 levels left

rFire    . . .     SeeInvis .   a - +0 hand axe
rCold    . . .     Gourm    .   (no shield)
rNeg     . . .     Faith    .   b - +0 animal skin
rPois    .         Spirit   .   (no helmet)
rElec    .         Reflect  .   (no cloak)
rCorr    .         Harm     .   (no gloves)
MR       .....                  (no boots)
Stlth    +.........             (no amulet)
HPRegen  0.09/turn              (no ring)
MPRegen  0.08/turn              (no ring)

@: no status effects
A: repulsion field 1
a: Berserk, Trog's Hand, Renounce Religion


You were on level 2 of the Dungeon.
You worshipped Trog.
Trog was pleased with you.
You were hungry.

You visited 1 branch of the dungeon, and saw 2 of its levels.

You collected 61 gold pieces.

Inventory:

Hand Weapons
 a - a +0 hand axe (weapon)
Missiles
 d - 12 poisoned needles
 f - 3 needles of confusion
 i - 6 curare-tipped needles
Armour
 b - a +0 animal skin (worn)
Scrolls
 g - 2 scrolls of immolation {unknown}
 h - a scroll of enchant armour {unknown}
 j - a scroll of teleportation {unknown}
 k - a scroll of remove curse {unknown}
Potions
 e - a potion of mutation {unknown}
Comestibles
 c - 2 rations
 l - 7 chunks of flesh


   Skills:
 + Level 3.4 Fighting
 * Level 3.4 Axes
 + Level 2.2 Armour
 + Level 2.3 Dodging


You had 2 spell levels left.
You didn't know any spells.
Your spell library was empty.

Dungeon Overview and Level Annotations

Branches:
Dungeon (2/15)

Altars:
Ashenzari


Innate Abilities, Weirdness & Mutations

You are surrounded by a mild repulsion field. (EV +2)


Message History

You hit the orc priest.
The orc priest is moderately wounded.
The orc priest closely misses you.
The orc shouts!
You hit the orc priest but do no damage.
The orc priest is moderately wounded.
The orc priest calls down the wrath of Beogh upon you.
Beogh smites you!
Ouch! That really hurt!
* * * LOW HITPOINT WARNING * * *
You barely miss the orc priest.
The orc priest is moderately wounded.
The orc priest invokes the aid of Beogh against you.
You barely resist. You slash the orc priest!
The orc priest is severely wounded.
You barely miss the orc priest.
The orc priest is severely wounded.
You closely miss the orc. The orc priest hits you with a mace.
You die...

#. # #.##.# #.<..#
#.#### #. #. ..
###############
##.........o@#
#..#########o#####...
#.# #................
#.##.o≈...≈...#####+#
##.#o..........#
####..#o..........#
......#o..........#
......##..≈...≈..##
......###........#


You could see an orc priest and an orc.

Vanquished Creatures
  An adder (D:2)
  An ooze (D:1)
  A worm (D:2)
  A dart slug (D:1)
  2 leopard geckos
  4 orcs (D:2)
  A giant cockroach (D:2)
  5 goblins
  2 hobgoblins
  11 bats
  2 frilled lizards
  2 kobolds (D:1)
  2 rats
35 creatures vanquished.

Notes
Turn   | Place    | Note
-------+----------+-------------------------------------------
     0 | D:1      | Supahsalami the Demonspawn Berserker began the quest for the Orb.
     0 | D:1      | Reached XP level 1. HP: 18/18 MP: 1/1
    80 | D:1      | Gained mutation: You are surrounded by a mild repulsion field. (EV +2) [demonic ancestry]
    80 | D:1      | Reached XP level 2. HP: 13/24 MP: 2/2
   815 | D:1      | Found a shattered altar of Ashenzari.
   982 | D:2      | Reached XP level 3. HP: 29/29 MP: 3/3
  1232 | D:2      | Reached ** piety under Trog
  1738 | D:2      | Slain by an orc priest

Vault maps used:
D:1:      lightli_arrival_noodles, nicolae_ashenzari_panopticon
D:2:      cheibrodos_pilgrimage

Skill      XL: |  1  2 |
---------------+-------+-----
Axes           | 3 |  3.4
Armour         | 2 |  2.2
Dodging        | 2 |  2.3
Fighting       | |  3.4

Action                   || total
-------------------------++-------
Melee: Hand axe          ||   121
 Stab: Sleeping          ||     2
  Eat: Chunk             ||     2
Armor: Animal skin       ||    35
Dodge: Dodged            ||   120

Table legend:
 A = Spawn XP
 B = Non-spawn XP
 C = Spawn XP percentage of total XP
 D = Spawn monster count
 E = Non-spawn monster count
 F = Spawn count percentage of total count
 G = Total turns spent on level
                    A         B        C        D         E        F      G
               +---------+---------+-------+---------+---------+-------+---------
         Total |       0 |      87 |   0.0 |       0 |      35 |   0.0 |  1738
               +---------+---------+-------+---------+---------+-------+---------
           D:1 |       0 |      40 |   0.0 |       0 |      19 |   0.0 |   977
           D:2 |       0 |      47 |   0.0 |       0 |      16 |   0.0 |   761
               +---------+---------+-------+---------+---------+-------+---------
